[Event "Team 45 45 League T53"]
[Site "Internet Chess Club"]
[Date "2012.06.07"]
[Round "4"]
[White "AVEMARIA"]
[Black "badmove"]
[Result "1/2-1/2"]
[WhiteElo "1694"]
[BlackElo "1744"]
[Opening "Bishop's opening"]
[ECO "C23"]
[Time "17:01:24"]
[TimeControl "2700+45"]

1. e4 e5 2. Bc4 Nc6 3. c3 Nf6 4. d3 Bc5 5. Nf3 a6 6. Bb3 O-O 7. O-O Ba7 8. h3 d6
9. Nbd2 Be6 10. Bc2 d5 11. exd5 Bxd5 12. Qe2 Nh5 13. Ne4 Bxe4 14. dxe4 Ng3 15.
Qc4 Nxf1 16. Bg5 Nd2 17. Bxd2 Re8 18. Rd1 Qe7 19. Bg5 Qe6 20. Qa4 h6 21. Bb3 Qg6
22. Bh4 b5 23. Qa3 Qxe4 24. Rd7 Nd8 {Game drawn by mutual agreement} 1/2-1/2

[Event "Team 45 45 League T53"]
[Site "Internet Chess Club"]
[Date "2012.06.09"]
[Round "4"]
[White "ILRE"]
[Black "tightfist"]
[Result "1/2-1/2"]
[WhiteElo "1589"]
[BlackElo "1545"]
[Opening "QGD: 4.Nf3"]
[ECO "D37"]
[Time "20:00:36"]
[TimeControl "2700+45"]

1. d4 e6 2. c4 Nf6 3. Nf3 d5 4. Nc3 b6 5. cxd5 exd5 6. Bg5 Bb7 7. e3 Be7 8. Bd3
Nbd7 9. O-O O-O 10. Rc1 a6 11. Qb3 Rc8 12. Qd1 Ne4 13. Bxe7 Qxe7 14. Qe2 b5 15.
Nd2 c5 16. dxc5 Ndxc5 17. Bb1 Nxc3 18. bxc3 Ne4 19. Bxe4 dxe4 20. c4 Qa3 21. Nb1
Qd3 22. Qxd3 exd3 23. cxb5 axb5 24. Nd2 Rc2 25. Rxc2 dxc2 26. Rc1 Rc8 27. a3 Rc3
28. Nf3 Bxf3 29. gxf3 f5 30. Kf1 g5 31. Ke2 Kf7 32. Kd2 Rxa3 33. Rxc2 Rb3 34.
Kc1 b4 35. Rb2 Rc3+ 36. Rc2 Ra3 37. Kb2 Rd3 38. Rc4 Rd2+ 39. Rc2 Rd1 40. Kb3 Rh1
41. Kxb4 Rxh2 42. Kc5 Kg6 43. Kd5 Rh3 44. f4 gxf4 45. exf4 Rf3 46. Ke5 h5 47.
Rc6+ Kg7 48. Kxf5 Rxf2 49. Kg5 {Game drawn by mutual agreement} 1/2-1/2

[Event "Team 45 45 League T53"]
[Site "Internet Chess Club"]
[Date "2012.06.09"]
[Round "4"]
[White "whiskeytown"]
[Black "Helaman"]
[Result "0-1"]
[WhiteElo "1431"]
[BlackElo "1624"]
[Opening "Scotch: Schmidt variation"]
[ECO "C45"]
[Time "15:02:24"]
[TimeControl "2700+45"]

1. e4 e5 2. Nf3 Nc6 3. d4 exd4 4. Nxd4 Nf6 5. Nxc6 bxc6 6. Bd3 d5 7. exd5 cxd5
8. O-O Be7 9. Bg5 O-O 10. Nd2 c6 11. h3 Rb8 12. Rb1 Be6 13. Nb3 c5 14. Bxf6 Bxf6
15. Nxc5 Bxb2 16. Re1 Qd6 17. Nxe6 fxe6 18. Qh5 g6 19. Qg4 e5 20. Rbd1 Rf4 21.
Qg5 Bd4 22. Re2 Rbf8 23. Rf1 e4 24. Bb5 R8f5 25. Qh4 Rxh4 {White resigns} 0-1

[Event "Team 45 45 League T53"]
[Site "Internet Chess Club"]
[Date "2012.06.11"]
[Round "4"]
[White "houseofcook"]
[Black "Kingpatzer"]
[Result "0-1"]
[WhiteElo "1490"]
[BlackElo "1335"]
[Opening "French: advance, Paulsen attack"]
[ECO "C02"]
[Time "13:00:15"]
[TimeControl "2700+45"]

1. e4 e6 2. d4 d5 3. e5 c5 4. c3 Nc6 5. Nf3 Qb6 6. Be2 cxd4 7. cxd4 Nh6 8. Nc3
Nf5 9. Na4 Bb4+ 10. Bd2 Qa5 11. Bc3 Bxc3+ 12. Nxc3 Qb6 13. Bb5 Bd7 14. Bxc6 Bxc6
15. Qd2 O-O 16. O-O Rfc8 17. Rfc1 a5 18. a3 Qa6 19. h3 b5 20. Qe2 Qb6 21. Qd1 b4
22. Na4 Bxa4 23. Qxa4 Nxd4 24. Nxd4 Qxd4 25. Rxc8+ Rxc8 26. Qd7 Rf8 27. Rc1 Qxb2
28. Rc8 Qa1+ 29. Kh2 Qxe5+ 30. g3 g6 {White resigns} 0-1

[Event "Team 45 45 League T53"]
[Site "Internet Chess Club"]
[Date "2012.06.11"]
[Round "4"]
[White "steadman"]
[Black "CamNewton"]
[Result "1-0"]
[WhiteElo "2200"]
[BlackElo "2197"]
[Opening "Queen's Indian: 4.g3 Bb7"]
[ECO "E15"]
[Time "14:00:26"]
[TimeControl "2700+45"]

1. d4 Nf6 2. Nf3 e6 3. c4 b6 4. g3 Bb7 5. Bg2 Ne4 6. O-O Be7 7. Nfd2 f5 8. Nxe4
fxe4 9. d5 exd5 10. cxd5 O-O 11. Bxe4 Na6 12. Nc3 Nc5 13. Bg2 Bf6 14. Be3 d6 15.
Bd4 Bxd4 16. Qxd4 Qf6 17. Qxf6 Rxf6 18. b4 Nd7 19. Nb5 {Black resigns} 1-0

[Event "Team 45 45 League T53"]
[Site "Internet Chess Club"]
[Date "2012.06.09"]
[Round "4"]
[White "jorobo"]
[Black "Reeza"]
[Result "0-1"]
[WhiteElo "1966"]
[BlackElo "1943"]
[Opening "QGA: classical, 8...Bb7"]
[ECO "D29"]
[Time "13:00:30"]
[TimeControl "2700+45"]

1. c4 e6 2. Nf3 d5 3. d4 dxc4 4. e3 a6 5. Bxc4 Nf6 6. O-O c5 7. Qe2 b5 8. Bb3
Bb7 9. Rd1 Nbd7 10. a4 Qb6 11. axb5 axb5 12. Rxa8+ Bxa8 13. dxc5 Nxc5 14. Bc2 b4
15. Nbd2 Be7 16. Nc4 Qa7 17. Nd6+ Bxd6 18. Rxd6 b3 19. Bb1 Bd5 20. e4 Nfxe4 21.
Bxe4 Nxe4 22. Qb5+ Ke7 23. Rb6 Rc8 24. Qb4+ Ke8 25. Be3 Qa1+ 26. Ne1 Nc3 27. Bd2
Qxb2 28. Rb8 Qxd2 29. Rxc8+ Kd7 {White forfeits on time} 0-1

[Event "Team 45 45 League T53"]
[Site "Internet Chess Club"]
[Date "2012.06.08"]
[Round "4"]
[White "az2112"]
[Black "CaoCao"]
[Result "0-1"]
[WhiteElo "1670"]
[BlackElo "1882"]
[Opening "Ruy Lopez: Schliemann defense"]
[ECO "C63"]
[Time "21:31:06"]
[TimeControl "2700+45"]

1. e4 e5 2. Nf3 Nc6 3. Bb5 f5 4. d3 fxe4 5. dxe4 Nf6 6. Nc3 d6 7. O-O Be7 8. h3
O-O 9. Bc4+ Kh8 10. Ng5 Qe8 11. Ne6 Bxe6 12. Bxe6 Nd4 13. Bc4 b5 14. Bd3 c5 15.
Nd5 Nxd5 16. exd5 c4 17. Be4 b4 18. a4 bxa3 19. Rxa3 Nb5 20. Rf3 Rxf3 21. Qxf3
Nd4 22. Qg4 h5 23. Qd1 g5 24. Be3 Nb5 25. Bf3 h4 26. Bh5 Qf8 27. Qg4 Qc8 28. Qe4
a6 29. Qg6 Qg8 30. Qh6+ Qh7 31. Bxg5 Qxh6 32. Bxh6 Nd4 33. Bg6 Nf3+ 34. Kh1 Bg5
35. Bxg5 Nxg5 36. Ra1 Kg7 37. Bh5 Ne4 38. Kg1 c3 39. bxc3 Nxc3 40. Ra3 Nb5 41.
Ra4 Kh6 42. Bf3 Nd4 43. Bd1 Rb8 44. Bg4 Rb6 45. c3 Nb5 46. Rc4 Na3 47. Rc8 Nb5
48. c4 Nd4 49. Rh8+ Kg7 50. Rxh4 a5 51. Bd7 Ra6 52. Ba4 Rb6 53. Re4 Rb4 54. Bd7
a4 55. Bxa4 Rxa4 56. f4 Kf6 57. fxe5+ dxe5 58. c5 Ra5 59. Rh4 Rxc5 60. d6 Rd5
61. Kf2 Nf5 {White resigns} 0-1

[Event "Team 45 45 League T53"]
[Site "Internet Chess Club"]
[Date "2012.06.07"]
[Round "4"]
[White "AntMantis"]
[Black "chiiwen"]
[Result "0-1"]
[WhiteElo "2011"]
[BlackElo "2183"]
[Opening "QGD Slav: 4.Nc3"]
[ECO "D15"]
[Time "19:12:20"]
[TimeControl "2700+45"]

1. d4 d5 2. c4 c6 3. Nc3 Nf6 4. Nf3 a6 5. c5 Nbd7 6. Bf4 Nh5 7. Bd2 g6 8. e3 Bg7
9. Be2 Nhf6 10. Qc2 O-O 11. O-O Re8 12. b4 e5 13. dxe5 Nxe5 14. Nd4 Qe7 15. h3
Ned7 16. a4 a5 17. Na2 Ne4 18. Bd3 Nxd2 19. Qxd2 axb4 20. Nxb4 Nxc5 21. Bc2 Ne4
22. Bxe4 Qxe4 23. Rfc1 f5 24. Ra3 Bf8 25. f3 Qe7 26. Nbc2 Qd8 27. Ra2 Bd7 28.
Rb1 c5 29. Nb5 Bc6 30. Qf2 Ra5 31. h4 Qd7 32. Qd2 Rea8 33. Nc3 Bg7 34. h5 d4 35.
exd4 cxd4 36. Nd1 Rxa4 37. Rxa4 Bxa4 38. Ne1 Bc6 39. Nd3 Qd6 40. Qg5 Bf6 41. Qh6
Qg3 42. hxg6 hxg6 43. Kf1 Bg7 44. Qc1 Kh7 45. Qc4 Qd6 46. N1f2 Bd5 47. Qb5 Qc6
48. Qb4 Ra4 49. Qe7 Qf6 50. Qe8 Bc6 51. Qe2 Ra8 52. Nh3 Re8 53. Qd2 Bh6 54. Qc2
Be3 55. Nhf2 Kg7 56. Qb2 Bd5 57. Qb5 Qc6 58. Qb2 Re7 59. Qb4 Kf7 60. Rd1 Bc4 61.
Qb2 b5 62. Qb4 Qf6 63. Kg1 Qh4 64. Qb2 Bxd3 65. Rxd3 Bxf2+ 66. Qxf2 Re1+ {White
resigns} 0-1

[Event "Team 45 45 League T53"]
[Site "Internet Chess Club"]
[Date "2012.06.10"]
[Round "4"]
[White "pmcglothin"]
[Black "BirchRun"]
[Result "1-0"]
[WhiteElo "1888"]
[BlackElo "1472"]
[Opening "Scandinavian defense"]
[ECO "B01"]
[Time "11:10:04"]
[TimeControl "2700+45"]

1. e4 d5 2. exd5 Nf6 3. Bb5+ Nbd7 4. Nc3 a6 5. Bc4 b5 6. Bb3 Nb6 7. Nf3 Bb7 8.
d4 Nbxd5 9. Nxd5 Bxd5 10. O-O e6 11. c3 Be7 12. Bg5 h6 13. Bf4 O-O 14. Ne5 Rc8
15. Qe2 c5 16. dxc5 Bxc5 17. Rad1 Qe7 18. c4 bxc4 19. Bxc4 Bxc4 20. Nxc4 Nd5 21.
Bg3 Rfd8 22. a3 Qa7 23. h3 a5 24. Bh4 Be7 25. Bxe7 Nxe7 26. Ne3 a4 27. Rxd8+
Rxd8 28. Rd1 Rb8 29. Qc2 Rb3 30. Rd8# {Black checkmated} 1-0

[Event "Team 45 45 League T53"]
[Site "Internet Chess Club"]
[Date "2012.06.10"]
[Round "4"]
[White "alexdb"]
[Black "WhitsellF"]
[Result "1/2-1/2"]
[WhiteElo "1890"]
[BlackElo "1761"]
[Opening "Ruy Lopez: Cozio defense"]
[ECO "C60"]
[Time "11:51:43"]
[TimeControl "2700+45"]

1. e4 e5 2. Nf3 Nc6 3. Bb5 Nge7 4. Nc3 Ng6 5. d4 exd4 6. Nxd4 Bc5 7. Be3 Qf6 8.
Nd5 Qd8 9. Nxc6 bxc6 10. Bxc5 cxb5 11. Qd4 d6 12. Qxg7 dxc5 13. Rd1 Qg5 14.
Nxc7+ Ke7 15. e5 Bb7 16. h4 Qxe5+ 17. Qxe5+ Nxe5 18. Nxa8 Rxa8 19. O-O Rd8 20.
Rde1 Kf6 21. f3 Rd2 22. Rf2 Rxf2 23. Kxf2 Nc4 24. Kg3 b4 25. b3 Na3 26. Rc1 Bd5
27. c3 bxc3 28. Rxc3 c4 29. bxc4 Nxc4 30. Kf4 a5 31. a4 Be6 32. Ke4 Nd6+ 33. Kf4
Nc4 34. g4 Bd5 35. Rc2 h6 36. Re2 Be6 37. Rg2 Nb6 38. g5+ Kg6 39. gxh6+ Kxh6 40.
Rg5 Nxa4 41. Rxa5 Nc3 42. Ra6 Kh5 43. Ke5 Kxh4 44. Rxe6 fxe6 45. Kxe6 {Game
drawn by mutual agreement} 1/2-1/2

[Event "Team 45 45 League T53"]
[Site "Internet Chess Club"]
[Date "2012.06.11"]
[Round "4"]
[White "DreamCatcher13"]
[Black "minke"]
[Result "0-1"]
[WhiteElo "2016"]
[BlackElo "1931"]
[Opening "Pirc: Austrian attack, dragon formation"]
[ECO "B09"]
[Time "15:30:35"]
[TimeControl "2700+45"]

1. e4 d6 2. d4 Nf6 3. Nc3 g6 4. f4 Bg7 5. Nf3 c5 6. Bb5+ Bd7 7. e5 Ng4 8. e6
fxe6 9. Ng5 Bxb5 10. Nxb5 Qa5+ 11. c3 Qxb5 12. Nxe6 Qc4 13. Qxg4 cxd4 14. Nxg7+
Kf7 15. f5 Kxg7 16. Qh4 Nc6 17. Rf1 Rhf8 18. Bh6+ Kh8 19. Bxf8 Rxf8 20. O-O-O
gxf5 21. Kb1 b5 22. Qh6 Rf6 23. Qh3 b4 24. Rxf5 bxc3 25. Rc1 Qe2 26. Rc2 Qd1+
27. Rc1 c2+ 28. Ka1 Qxc1# {White checkmated} 0-1

[Event "Team 45 45 League T53"]
[Site "Internet Chess Club"]
[Date "2012.06.10"]
[Round "4"]
[White "az2112"]
[Black "infiniteshug"]
[Result "1-0"]
[WhiteElo "1697"]
[BlackElo "1923"]
[Opening "Réti: King's Indian attack"]
[ECO "A05"]
[Time "21:30:29"]
[TimeControl "2700+45"]

1. Nf3 Nf6 2. g3 g6 3. Bg2 Bg7 4. O-O O-O 5. d3 d6 6. Nbd2 e5 7. e4 a5 8. a4 Nc6
9. c3 Be6 10. Ng5 Bg4 11. f3 Bc8 12. f4 exf4 13. gxf4 Qe7 14. Qe1 Re8 15. Qh4 h6
16. Nh3 Bg4 17. Nf3 Bh5 18. Kh1 Nd8 19. Bd2 Ne6 20. e5 Nd7 21. Qxe7 Rxe7 22.
exd6 cxd6 23. d4 Nf6 24. f5 Nc7 25. Nf4 Bxf3 26. Bxf3 g5 27. Nh5 d5 28. Nxg7
Kxg7 29. Rae1 Rae8 30. Rxe7 Rxe7 31. Re1 Rxe1+ 32. Bxe1 Nce8 33. c4 dxc4 34.
Bxb7 Nd6 35. Ba6 Ng4 36. Bxa5 Ne3 37. Bc7 Nexf5 38. Bxd6 Nxd6 39. Bb5 Kf6 40.
Bc6 Ke7 41. a5 Kd8 42. a6 Kc7 43. a7 Kxc6 44. a8=Q+ Kb6 45. Qf8 Kc7 46. Qxh6 Ne4
47. d5 Kd7 48. Qc6+ Kd8 49. d6 Nxd6 50. Qxd6+ Ke8 51. Qc7 Kf8 52. Kg2 Kg7 53.
Kg3 Kg6 54. Qxc4 f6 55. h4 Kh6 56. hxg5+ fxg5 57. Kg4 Kg6 58. Qc6+ Kg7 59. Kxg5
Kf7 60. Qd6 Kg7 61. Qc7+ Kg8 62. Kg6 Kf8 63. Qf7# {Black checkmated} 1-0

[Event "Team 45 45 League T53"]
[Site "Internet Chess Club"]
[Date "2012.06.11"]
[Round "4"]
[White "latayvia"]
[Black "Schack"]
[Result "1-0"]
[WhiteElo "1799"]
[BlackElo "1695"]
[Opening "Two knights defense"]
[ECO "C58"]
[Time "12:00:17"]
[TimeControl "2700+45"]

1. e4 e5 2. Nf3 Nc6 3. Bc4 Nf6 4. Ng5 d5 5. exd5 Na5 6. Bb5+ Bd7 7. Bxd7+ Qxd7
8. O-O Nxd5 9. Re1 O-O-O 10. d3 f6 11. Ne4 Nc6 12. Nbc3 Bb4 13. Bd2 Nf4 14. Bxf4
exf4 15. a3 Ba5 16. Nc5 Qf5 17. b4 Bb6 18. N3e4 Rhe8 19. Qf3 g5 20. g4 Qd5 21.
c4 Qd4 22. Kg2 Rxe4 23. Nxe4 Ne5 24. Qd1 Nxd3 25. c5 f3+ 26. Qxf3 Nxe1+ 27. Rxe1
Bxc5 28. Nxc5 {Black resigns} 1-0

[Event "Team 45 45 League T53"]
[Site "Internet Chess Club"]
[Date "2012.06.07"]
[Round "4"]
[White "clarinetref"]
[Black "mongmong"]
[Result "1/2-1/2"]
[WhiteElo "1622"]
[BlackElo "1654"]
[Opening "Nimzovich-Larsen attack"]
[ECO "A01"]
[Time "13:04:02"]
[TimeControl "2700+45"]

1. b3 e6 2. Bb2 Nf6 3. c4 c5 4. Nc3 Be7 5. g3 Nc6 6. Bg2 d6 7. e3 Bd7 8. Nge2
Rb8 9. O-O O-O 10. d4 e5 11. dxc5 dxc5 12. Nd5 Re8 13. Nxe7+ Qxe7 14. Nc3 Rbd8
15. Qe2 b6 16. h3 Nb8 17. Kh2 Bc6 18. Bxc6 Nxc6 19. Rfd1 Rxd1 20. Rxd1 Rd8 21.
Nd5 Nxd5 22. Rxd5 f6 23. Qd2 Kf7 24. e4 Nd4 25. Bxd4 Rxd5 26. exd5 exd4 {Game
drawn by mutual agreement} 1/2-1/2

[Event "Team 45 45 League T53"]
[Site "Internet Chess Club"]
[Date "2012.06.17"]
[Round "4"]
[White "bobhill"]
[Black "koni"]
[Result "1-0"]
[WhiteElo "1927"]
[BlackElo "1878"]
[Opening "Old Indian: Tartakower (Wade) variation"]
[ECO "A41"]
[Time "14:00:42"]
[TimeControl "2700+45"]

1. d4 d6 2. Nf3 Bg4 3. Bg5 c6 4. c3 h6 5. Bf4 g5 6. Bg3 Nf6 7. Nbd2 Nh5 8. Qc2
Qd7 9. e3 Bg7 10. Bc4 b5 11. Bb3 a5 12. a3 Na6 13. Ba2 Nc7 14. c4 b4 15. c5 Nxg3
16. hxg3 d5 17. Ne5 Bxe5 18. dxe5 Bf5 19. Qd1 bxa3 20. bxa3 Nb5 21. Qc1 a4 22.
Nf3 O-O-O 23. Nd4 Nxd4 24. exd4 Qa7 25. Qd2 Kc7 26. O-O Rb8 27. f4 g4 28. Bb1
Bxb1 29. Raxb1 Rb3 30. f5 h5 31. e6 f6 32. Qf4+ Kc8 33. Rxb3 axb3 34. Rb1 Qxa3
35. Qe3 Kc7 36. Rxb3 Qa1+ 37. Kh2 Ra8 38. Qf4+ Kc8 39. Rb6 Qa4 40. Qh6 Qxd4 41.
Qf8+ Kc7 42. Qxe7+ Kc8 43. Qd7# {Black checkmated} 1-0

[Event "Team 45 45 League T53"]
[Site "Internet Chess Club"]
[Date "2012.06.11"]
[Round "4"]
[White "KoalieAwe"]
[Black "subterfuge"]
[Result "1/2-1/2"]
[WhiteElo "1764"]
[BlackElo "1704"]
[Opening "Queen's pawn game"]
[ECO "E10"]
[Time "22:52:07"]
[TimeControl "2700+45"]

1. d4 Nf6 2. c4 e6 3. Nf3 d5 4. e3 c5 5. Nc3 cxd4 6. exd4 Be7 7. Be3 O-O 8. Be2
dxc4 9. Bxc4 a6 10. O-O b5 11. Bd3 Bb7 12. a3 Nbd7 13. Be2 Rc8 14. h3 Nb6 15.
Rc1 Qd6 16. b4 Nfd5 17. Nxd5 Bxd5 18. Qd2 Bf6 19. Bf4 Qe7 20. Be5 Nc4 21. Bxc4
Rxc4 22. Bxf6 Qxf6 23. Ne5 Rxc1 24. Rxc1 Rd8 25. Nc6 Rd6 26. Ne5 Qd8 27. Rc5 f6
28. Qc3 Qe8 29. Ng4 Rd8 30. Qg3 Qg6 31. Rc7 h5 32. Ne3 Qxg3 33. fxg3 Bb3 34. Rc3
Ba4 35. Rc6 Kf7 36. d5 exd5 37. Rxa6 d4 38. Nf1 Kg6 39. Ra7 Rd6 40. Nd2 f5 41.
Kf2 Kf6 42. Ke2 Bc2 43. Nf3 g5 44. Rc7 d3+ 45. Kd2 {Game drawn by mutual
agreement} 1/2-1/2

[Event "Team 45 45 League T53"]
[Site "Internet Chess Club"]
[Date "2012.06.11"]
[Round "4"]
[White "RD1974"]
[Black "ice-cream"]
[Result "1-0"]
[WhiteElo "1653"]
[BlackElo "1657"]
[Opening "Sicilian: closed"]
[ECO "B25"]
[Time "19:00:25"]
[TimeControl "2700+45"]

1. e4 c5 2. Nc3 Nc6 3. g3 g6 4. Bg2 Bg7 5. d3 d6 6. h3 e6 7. Be3 Rb8 8. Nf3 b5
9. O-O b4 10. Ne2 Bxb2 11. Rb1 Bg7 12. d4 cxd4 13. Nexd4 Nxd4 14. Bxd4 Nf6 15.
e5 dxe5 16. Nxe5 Bd7 17. Nc6 Bxc6 18. Bxc6+ Kf8 19. Rxb4 Nd5 20. Rxb8 Qxb8 21.
Bxg7+ Kxg7 22. Qd4+ Nf6 23. Ba4 Rd8 24. Qc3 Qd6 25. Bb3 e5 26. Qe3 Nd5 27. Qxa7
Rd7 28. Qa5 Nf6 29. c4 Ne4 30. Rd1 Qf6 31. Qe1 Rxd1 32. Bxd1 Qb6 33. Qxe4 {Black
resigns} 1-0

[Event "Team 45 45 League T53"]
[Site "Internet Chess Club"]
[Date "2012.06.10"]
[Round "4"]
[White "oldsj"]
[Black "bmw2002"]
[Result "1-0"]
[WhiteElo "1625"]
[BlackElo "1597"]
[Opening "Caro-Kann: Panov-Botvinnik attack"]
[ECO "B13"]
[Time "08:02:08"]
[TimeControl "2700+45"]

1. e4 c6 2. d4 d5 3. exd5 cxd5 4. c4 Nf6 5. Nc3 Bf5 6. Nf3 Nc6 7. Bg5 Ne4 8. Bh4
Qa5 9. Qb3 Nb4 10. Be2 Nxc3 11. bxc3 Nc2+ 12. Kd2 Nxa1 13. Rxa1 Rc8 14. cxd5 e6
15. Bb5+ {Black resigns} 1-0

[Event "Team 45 45 League T53"]
[Site "Internet Chess Club"]
[Date "2012.06.12"]
[Round "4"]
[White "bookseller"]
[Black "eagle"]
[Result "0-1"]
[WhiteElo "1627"]
[BlackElo "1512"]
[Opening "Sicilian: Alapin's variation (2.c3)"]
[ECO "B22"]
[Time "16:12:31"]
[TimeControl "2700+45"]

1. e4 c5 2. c3 Nf6 3. e5 Nd5 4. d4 Nc6 5. Nf3 d6 6. Be2 Bf5 7. O-O e6 8. Na3
cxd4 9. cxd4 dxe5 10. dxe5 Bxa3 11. bxa3 O-O 12. Bb2 Nf4 13. Bb5 Qb6 14. Qa4 Nd3
15. Bd4 Nxd4 16. Nxd4 Nb2 17. Qb3 Qxd4 18. Rfe1 Rac8 19. Re2 Nd3 20. Rd2 Qxa1+
21. Rd1 Rc1 {White resigns} 0-1

[Event "Team 45 45 League T53"]
[Site "Internet Chess Club"]
[Date "2012.06.12"]
[Round "4"]
[White "stanbeers"]
[Black "Zyme"]
[Result "1/2-1/2"]
[WhiteElo "1431"]
[BlackElo "1303"]
[Opening "King's Indian: classical variation"]
[ECO "E92"]
[Time "18:00:52"]
[TimeControl "2700+45"]

1. d4 Nf6 2. c4 g6 3. Nc3 Bg7 4. Nf3 O-O 5. e4 d6 6. Be2 e5 7. Bg5 Nc6 8. d5 Ne7
9. O-O Nh5 10. Bd3 Nf4 11. Bxf4 exf4 12. Qd2 Bh6 13. Ne2 g5 14. Ned4 Ng6 15. Qc2
g4 16. Nf5 Bxf5 17. exf5 gxf3 18. fxg6 fxg6 19. Bxg6 Qe7 20. Bf5 Qg7 21. Bh3
fxg2 22. Rfe1 f3 23. Re4 Bf4 24. Rae1 Qh6 25. Be6+ Kh8 26. Rxf4 Rxf4 27. Qc3+
Qf6 28. Qb3 b6 29. Qb5 Rh4 30. h3 Rf8 31. b3 Qh6 32. Qd7 Qd2 33. Re3 Qxa2 34.
Rxf3 Qa1+ 35. Kxg2 Rxf3 36. Qd8+ Kg7 37. Qxh4 Rf6 38. Bg4 Qd4 39. Qg5+ Rg6 40.
Qe7+ Kh6 41. Qh4+ Kg7 42. Qe7+ Kh8 43. Qd8+ Rg8 44. Qxc7 Qe4+ 45. Kg1 Qb1+ 46.
Kg2 Qxb3 47. Qxa7 Qxc4 48. Qxb6 Qxd5+ 49. Kg1 Ra8 50. Kh2 Qe5+ 51. Kg2 Qe4+ 52.
Bf3 Qg6+ 53. Bg4 Rg8 54. Qb2+ Qg7 55. Qb5 h6 56. Kf1 Qa1+ 57. Kg2 Qe5 58. Qxe5+
dxe5 59. Kf3 Kg7 60. Ke4 Kf6 61. f4 exf4 62. Kxf4 Ra8 63. Ke4 Kg5 64. Bd7 Ra3
65. Kd5 Kh4 66. Ke5 Rxh3 67. Bxh3 Kxh3 68. Kf4 h5 69. Kf3 h4 70. Kf2 Kh2 71. Kf1
h3 72. Kf2 Kh1 73. Kf1 {Game drawn by mutual agreement} 1/2-1/2

[Event "Team 45 45 League T53"]
[Site "Internet Chess Club"]
[Date "2012.06.11"]
[Round "4"]
[White "Ostap-Bender"]
[Black "wekabird"]
[Result "1-0"]
[WhiteElo "1427"]
[BlackElo "1224"]
[Opening "QGD Slav defense: exchange variation"]
[ECO "D10"]
[Time "20:00:13"]
[TimeControl "2700+45"]

1. d4 d5 2. c4 c6 3. cxd5 cxd5 4. Nc3 e6 5. Nf3 Nf6 6. Bf4 Nbd7 7. e3 a6 8. Bd3
Be7 9. O-O O-O 10. h3 Nh5 11. Bh2 Nhf6 12. Rc1 Nb6 13. Qb3 Bd7 14. Ne5 Rc8 15.
Nxd7 Nfxd7 16. Ne2 Rxc1 17. Rxc1 Nf6 18. Bc7 Qd7 19. Qxb6 g6 20. Qxb7 Bd6 21.
Qc6 Bxc7 22. Qxc7 Qa4 23. Nc3 Qb4 24. Bxa6 Qxb2 25. Rb1 Qa3 26. Bd3 Kg7 27. Qc5
Qa8 28. a4 Rc8 29. Qb4 Qc6 30. Rb3 Ne4 31. Bxe4 dxe4 32. Qc5 Qd7 33. Qb5 Qd8 34.
a5 Rc7 35. a6 Qc8 36. a7 Rxa7 37. Qe5+ f6 38. Qxe4 Rc7 39. Ne2 Rc2 40. Qd3 Ra2
41. Rc3 Ra1+ 42. Kh2 Qb8+ 43. g3 Qb7 44. Rc1 Rxc1 45. Nxc1 Qb2 46. Ne2 Qa1 47.
Kg2 Qa8+ 48. e4 f5 49. f3 fxe4 50. Qxe4 Qxe4 51. fxe4 Kf6 52. Kf3 h5 53. d5 exd5
54. exd5 Ke5 55. Nc3 Kd4 56. d6 Kc5 57. d7 Kd4 58. d8=Q+ Kxc3 59. Ke3 Kc4 60.
Qd4+ Kb5 61. Qc3 {Black resigns} 1-0

[Event "Team 45 45 League T53"]
[Site "Internet Chess Club"]
[Date "2012.06.09"]
[Round "4"]
[White "moomaster"]
[Black "rookmaster23"]
[Result "1-0"]
[WhiteElo "1653"]
[BlackElo "1614"]
[Opening "Sicilian: Najdorf, Byrne (English) attack"]
[ECO "B90"]
[Time "21:16:35"]
[TimeControl "2700+45"]

1. e4 c5 2. Nf3 d6 3. d4 cxd4 4. Nxd4 Nf6 5. Nc3 a6 6. Be3 e5 7. Nb3 Be6 8. Be2
Be7 9. O-O O-O 10. f4 exf4 11. Bxf4 b5 12. Nd5 Nxd5 13. exd5 Bf5 14. Nd4 Be4 15.
Bd3 Bxd5 16. Qh5 h6 17. Bxh6 gxh6 18. Qf5 {Black resigns} 1-0

[Event "Team 45 45 League T53"]
[Site "Internet Chess Club"]
[Date "2012.06.09"]
[Round "4"]
[White "Toalla"]
[Black "houseofcook"]
[Result "0-1"]
[WhiteElo "1275"]
[BlackElo "1530"]
[Opening "Queen's pawn game, Darooha variation "]
[ECO "D02"]
[Time "10:05:20"]
[TimeControl "2700+45"]

1. Nf3 d5 2. d4 Nf6 3. c4 e6 4. a3 Be7 5. Nc3 O-O 6. e3 a6 7. Bd3 dxc4 8. Bxc4
b5 9. Bd3 Bb7 10. O-O Nbd7 11. Re1 Bd6 12. e4 e5 13. b4 Re8 14. Bb2 exd4 15.
Nxd4 Ne5 16. Nf5 Nxd3 17. Nxd6 Qxd6 {White resigns} 0-1

[Event "Team 45 45 League T53"]
[Site "Internet Chess Club"]
[Date "2012.06.10"]
[Round "4"]
[White "MateIn42"]
[Black "chicopee-ed"]
[Result "0-1"]
[WhiteElo "1356"]
[BlackElo "1318"]
[Opening "Sicilian defense"]
[ECO "B44"]
[Time "09:11:09"]
[TimeControl "2700+45"]

1. e4 c5 2. Nf3 e6 3. d4 cxd4 4. Nxd4 Nc6 5. Be2 Qc7 6. Be3 a6 7. a4 Nf6 8. Nxc6
bxc6 9. Bd3 d5 10. exd5 cxd5 11. O-O Bd6 12. h3 Bb7 13. Be2 O-O 14. Nd2 Rfc8 15.
c3 a5 16. Bf3 Bh2+ 17. Kh1 Bf4 18. Bxf4 Qxf4 19. Nb3 Nd7 20. Qd4 Qxd4 21. Nxd4
Nc5 22. Rfe1 Ba6 23. Be2 Bxe2 24. Rxe2 Ne4 25. f3 Ng3+ 26. Kg1 Nxe2+ 27. Nxe2
Rc4 28. Nd4 e5 29. Nb5 Rc6 30. Kf2 d4 31. cxd4 Rc2+ 32. Ke3 exd4+ 33. Nxd4 Rxb2
34. Ne2 Re8+ {White resigns} 0-1

[Event "Team 45 45 League T53"]
[Site "Internet Chess Club"]
[Date "2012.06.08"]
[Round "4"]
[White "Just-Jim"]
[Black "mattphelps"]
[Result "1-0"]
[WhiteElo "1330"]
[BlackElo "1413"]
[Opening "Caro-Kann defense"]
[ECO "B10"]
[Time "19:00:39"]
[TimeControl "2700+45"]

1. e4 c6 2. Nf3 d5 3. exd5 cxd5 4. d4 Nc6 5. Bb5 Nf6 6. c4 e6 7. c5 Be7 8. Nc3
O-O 9. O-O Bd7 10. Bg5 h6 11. Bxf6 Bxf6 12. Bxc6 Bxc6 13. h3 Qc7 14. a3 Rfe8 15.
Re1 Rad8 16. Nh2 e5 17. Ng4 exd4 18. Nxf6+ gxf6 19. Qxd4 Rxe1+ 20. Rxe1 Kg7 21.
Re3 b6 22. Rg3+ Kh7 23. Qxf6 Rg8 24. Rxg8 Kxg8 25. cxb6 Qxb6 26. b4 d4 27. Nd1
d3 28. Qxh6 Be4 29. Qg5+ Qg6 30. Qxg6+ fxg6 31. f3 Bd5 32. Kf2 Bc4 33. Ke3 Kf7
34. Nb2 {Black resigns} 1-0

[Event "Team 45 45 League T53"]
[Site "Internet Chess Club"]
[Date "2012.06.10"]
[Round "4"]
[White "Lee-D"]
[Black "DouDou"]
[Result "1/2-1/2"]
[WhiteElo "1375"]
[BlackElo "1439"]
[Opening "Queen's pawn: London system"]
[ECO "A45"]
[Time "12:00:29"]
[TimeControl "2700+45"]

1. d4 Nf6 2. Bf4 d6 3. Nf3 Nc6 4. e3 e6 5. c3 g6 6. Bd3 Bg7 7. O-O O-O 8. Nbd2
Re8 9. e4 e5 10. Bg5 Bg4 11. d5 Ne7 12. h3 Bd7 13. Rc1 c6 14. c4 Rc8 15. Qb3 b6
16. Qd1 cxd5 17. cxd5 Rc5 18. b4 Rc8 19. Ba6 Rb8 20. Nc4 Nxe4 21. Qd3 b5 22. Na3
Nxg5 23. Nxg5 Qb6 24. Bxb5 Bxb5 25. Nxb5 Qxb5 26. Qf3 Rf8 27. a3 a5 28. Rb1 axb4
29. Rxb4 Qe8 30. Rfb1 Rxb4 31. axb4 Qb5 32. Qb3 Rd8 33. Qf3 Rf8 34. Qb3 Bh6 35.
Ne4 Rd8 36. Nc3 Qb7 37. Rd1 Rc8 38. Ne4 Qb6 39. Nf6+ Kh8 40. b5 Nf5 41. Rb1 Nd4
42. Qb4 Rc1+ 43. Rxc1 Bxc1 44. Ne4 Nxb5 45. Nxd6 Qxd6 46. Qxb5 e4 47. Qe8+ Kg7
48. Qxe4 f5 49. Qd4+ Kf7 50. Qa7+ Kf6 51. Qd4+ Kf7 52. Qa7+ Kg8 53. Qa8+ Kg7 54.
Qa1+ Kf7 55. Qxc1 Qxd5 56. Qc7+ Kg8 57. Qc8+ Kg7 58. Qc7+ Kg8 59. Qc8+ Kg7 60.
Qc7+ Kg8 {Game drawn by repetition} 1/2-1/2